 Dungeon Crawl Stone Soup version 0.21-a0-538-gd16b88a (webtiles) character file.

1304 tidbits the Digger (level 8, 48/58 HPs)
             Began as a Gnoll Earth Elementalist on Dec 15, 2017.
             Quit the game on level 7 of the Dungeon.
             The game lasted 00:14:23 (1237 turns).

tidbits the Digger (Gnoll Earth Elementalist)       Turns: 1237, Time: 00:14:24

Health: 48/58      AC:  3    Str: 11    XL:     8   Next: 57%
Magic:  5/17       EV: 15    Int: 20    God:
Gold:   215        SH:  0    Dex: 15    Spells: 4/19 levels left

rFire    . . .     SeeInvis .     - Unarmed
rCold    . . .     Gourm    .   (no shield)
rNeg     . . .     Faith    .   c - +0 robe
rPois    +         Spirit   .   (no helmet)
rElec    .         Reflect  .   (no cloak)
rCorr    .         Harm     .   p - +0 pair of gloves
MR       .....                  (no boots)
Stlth    +++.......             (no amulet)
HPRegen  0.19/turn              o - ring of poison resistance (curse)
MPRegen  0.15/turn              (no ring)

@: no status effects
A: distributed training, fangs 1, strong nose
a: no special abilities


You were on level 7 of the Dungeon.
You were not hungry.

You visited 2 branches of the dungeon, and saw 9 of its levels.

You collected 215 gold pieces.

Inventory:

Hand Weapons
 j - a +0 shortbow
 y - a +0 shortbow
Missiles
 b - 18 stones (quivered)
 g - 87 arrows
Armour
 c - a +0 robe (worn)
 m - a +0 ring mail
 p - a +0 pair of gloves (worn)
Jewellery
 o - a cursed ring of poison resistance (left hand)
   (You found it on level 5 of the Dungeon)
 w - an uncursed ring of fire
   (You found it on level 6 of the Dungeon)
Wands
 s - a wand of acid (4)
Scrolls
 f - a scroll of teleportation {unknown}
 h - a scroll of amnesia {unknown}
 u - a scroll of noise {unknown}
 v - a scroll of remove curse
 x - a scroll of enchant armour {unknown}
 B - a scroll of immolation {unknown}
Potions
 a - a potion of berserk rage {unknown}
 i - a potion of curing {unknown}
 k - a potion of heal wounds {unknown}
 l - a potion of invisibility {unknown}
 n - 2 potions of cancellation
 r - a potion of agility
 z - a potion of lignification {unknown}
 A - a potion of brilliance {unknown}
Books
 e - a book of Geomancy

   Spells                             Type                      Level
   a - Sandblast                      Earth                        1
   b - Passwall                       Transmutation/Earth          2
   c - Stone Arrow                    Conjuration/Earth            3
   d - Petrify                        Transmutation/Earth          4
   e - Lee's Rapid Deconstruction     Earth                        5
 q - a book of Misfortune
   (You found it on level 5 of the Dungeon)

   Spells                             Type                      Level
   a - Confusing Touch                Hexes                        1
   b - Confuse                        Hexes                        3
   c - Gell's Gravitas                Translocation                3
   d - Petrify                        Transmutation/Earth          4
   e - Metabolic Englaciation         Hexes/Ice                    5
   f - Yara's Violent Unravelling     Hexes/Transmutation          5
Comestibles
 d - 4 bread rations
 t - 2 meat rations


   Skills:
 + Level 3.3 Fighting
 + Level 3.3 Short Blades
 + Level 3.3 Long Blades
 + Level 3.3 Axes
 + Level 3.3 Maces & Flails
 + Level 3.3 Polearms
 + Level 3.3 Staves
 + Level 3.3 Slings
 + Level 3.3 Bows
 + Level 3.3 Crossbows
 + Level 3.3 Throwing
 + Level 3.3 Armour
 + Level 5.7 Dodging
 + Level 5.4 Stealth
 + Level 3.3 Shields
 + Level 3.3 Unarmed Combat
 + Level 6.1 Spellcasting
 + Level 2.7 Conjurations
 + Level 2.7 Hexes
 + Level 2.7 Charms
 + Level 2.7 Summonings
 + Level 2.7 Necromancy
 + Level 2.7 Translocations
 + Level 3.5 Transmutations
 + Level 2.7 Fire Magic
 + Level 2.7 Ice Magic
 + Level 2.7 Air Magic
 + Level 6.1 Earth Magic
 + Level 2.7 Poison Magic
 + Level 3.6 Invocations
 + Level 3.3 Evocations


You had 4 spell levels left.
You knew the following spells:

 Your Spells              Type           Power        Failure   Level  Hunger
a - Sandblast             Erth           ####..       1%          1    None
l - Lee's Rapid Deconstr  Erth           ####......   22%         5    #####..
p - Petrify               Tmut/Erth      ####....     14%         4    ####...
t - Stone Arrow           Conj/Erth      ###...       4%          3    ##.....
w - Passwall              Tmut/Erth      ####......   2%          2    None


Dungeon Overview and Level Annotations

Branches:
Dungeon (8/15)             Temple (1/1) D:5
   Lair: D:8-11

Altars:
Gozag
Kikubaaqudgha
Makhleb
Nemelex Xobeh
Qazlal
Ru
Sif Muna
Uskayaw
Wu Jian
Xom
Lugonu

Annotations:
D:3 tidbits's ghost, amateur GnEE
D:4 Dowan, Duvessa


Innate Abilities, Weirdness & Mutations

Your experience applies equally to all skills.
You have very sharp teeth.
Your uncanny sense of smell can sniff out nearby items.


Message History

Casting: Sandblast
Confirm with . or Enter, or press ? or * to list all spells.
Aiming: Sandblast
Press: ? - help, Shift-Dir - straight line, f - scorpion
Aim: a scorpion (resting)
The blast of sand hits the scorpion.
The scorpion is severely wounded.
b - 21 stones
Casting: Sandblast
Confirm with . or Enter, or press ? or * to list all spells.
Aiming: Sandblast
Press: ? - help, Shift-Dir - straight line, f/p - scorpion
Aim: a scorpion (severely wounded)
The blast of sand hits the scorpion.
You kill the scorpion!
b - 20 stones
Found a stone staircase leading down.
An orc wizard comes into view. It is wielding a dagger of protection.
The orc wizard shouts!
An orc comes into view. It is wielding a short sword.
An orc and an orc warrior come into view.
The orc moves out of view.
Found a stone staircase leading up.
The orc shouts!
The orc warrior shouts!
A centaur comes into view.
There is a stone staircase leading up here.
You climb upwards.
There is a stone staircase leading down here.
Found a scroll labeled VUOKHL JUCS.
You see here a scroll labeled VUOKHL JUCS.
B - a scroll labeled VUOKHL JUCS A bullfrog zombie comes into view.
Casting: Sandblast
Confirm with . or Enter, or press ? or * to list all spells.
Aiming: Sandblast
Press: ? - help, Shift-Dir - straight line, f - bullfrog zombie
Aim: a bullfrog zombie (resting)
The blast of sand hits the bullfrog zombie.
The bullfrog zombie is severely damaged.
b - 19 stones
Casting: Sandblast
Confirm with . or Enter, or press ? or * to list all spells.
Aiming: Sandblast
Press: ? - help, Shift-Dir - straight line, f/p - bullfrog zombie
Aim: a bullfrog zombie (severely damaged)
The blast of sand hits the bullfrog zombie.
You destroy the bullfrog zombie!
b - 18 stones An orc warrior comes into view.
It is wielding a glaive.
An orc warrior is nearby!
An orc comes into view.
Casting: Sandblast
Confirm with . or Enter, or press ? or * to list all spells.
Aiming: Petrify
Press: ? - help, Shift-Dir - straight line, f - orc warrior
Aim: an orc warrior, wielding a glaive and wearing a plate armour (chance to defeat MR: 54%)
The orc warrior resists with significant effort.
Casting: Petrify
Confirm with . or Enter, or press ? or * to list all spells.
Aiming: Petrify
Press: ? - help, Shift-Dir - straight line, f/p - orc warrior
Aim: an orc warrior, wielding a glaive and wearing a plate armour (chance to defeat MR: 54%)
The orc warrior is moving more slowly.
Unknown command.
Search for what [? for help]? dag Unknown command.
Evoke which item? (* to show all) (? for menu, Esc to quit)
Aiming: Corrosive Bolt
Press: ? - help, Shift-Dir - straight line, f/p - orc warrior
Aim: an orc warrior, wielding a glaive and wearing a plate armour (slowly petrifying)
The bolt of acid hits the orc warrior.
The orc warrior is splashed with acid.
The orc warrior is lightly wounded.
You hear an angry hiss. x2; You hear a shout!
An adder comes into view.
Okay, then.
This spell is quite dangerous to cast!
Memorise Lee's Rapid Deconstruction, consuming 5 spell levels and leaving 4?
You start memorising the spell.
You continue memorising.
The orc warrior stops moving altogether!
You continue memorising. x4
You finish memorising.
Spell assigned to 'l'.
Casting: Petrify
Confirm with . or Enter, or press ? or * to list all spells.
Aiming: Lee's Rapid Deconstruction
Press: ? - help, Dir - move target cursor, f/p - orc warrior Fragment what (e.g. wall or brittle monster)?: an orc warrior, wielding a glaive and wearing a plate armour (lightly wounded, petrified)
The orc warrior shatters!
The orc warrior is heavily wounded.
The blast of petrified fragments hits the adder.
You kill the adder!
You hear an angry hiss.
You hear a loud, deep croak!
The orc wizard gestures wildly while chanting.
The orc wizard seems to speed up.
A bullfrog comes into view.
The orc wizard mumbles some strange words.
The orc wizard flickers and vanishes!
The orc warrior is no longer petrified.
Okay, then.
Unknown command.
Are you sure you want to abandon this character and quit the game? (Confirm with "yes".)

.###.########
.....D..o...#
.....######@# ###
#F# ##.##
####...#########
................#
.####...#.#####.#
##.##.# #.#
#.##.# #.# #.##.#
#.#


You could see a steam dragon, an orc warrior and a bullfrog.

Vanquished Creatures
  A hippogriff (D:7)
  An orc warrior (D:6)
  A sky beast (D:6)
  A phantom (D:8)
  An ogre (D:5)
  2 centaurs
  A bullfrog (D:6)
  2 scorpions
  A bullfrog zombie (D:7)
  A jelly (D:7)
  5 orc wizards
  An orc priest (D:4)
  5 worker ants
  4 adders
  An ooze (D:1)
  2 adder skeletons
  A worm (D:2)
  2 dart slugs (D:1)
  A leopard gecko (D:1)
  14 orcs
  A bat (D:1)
  A giant cockroach (D:2)
  2 goblins (D:1)
  2 hobgoblins (D:1)
  4 jackals (D:2)
  2 kobolds (D:1)
  A quokka (D:5)
  3 frilled lizards
  A leopard gecko skeleton (D:4)
  A quokka skeleton (D:5)
  4 rats
70 creatures vanquished.

Notes
Turn   | Place    | Note
-------+----------+-------------------------------------------
     0 | D:1      | tidbits the Gnoll Earth Elementalist began the quest for the Orb.
     0 | D:1      | Reached XP level 1. HP: 13/13 MP: 6/6
    15 | D:1      | Reached skill level 2 in Transmutations
    71 | D:1      | Reached XP level 2. HP: 19/19 MP: 5/7
    75 | D:1      | Learned a level 2 spell: Passwall
   173 | D:2      | Reached XP level 3. HP: 20/25 MP: 0/9
   221 | D:1      | Reached skill level 5 in Spellcasting
   301 | D:2      | Found a sacrificial altar of Ru.
   406 | D:3      | Learned a level 3 spell: Stone Arrow
   440 | D:3      | Reached skill level 1 in Invocations
   444 | D:3      | Reached skill level 1 in Fighting
   444 | D:3      | Reached skill level 1 in Short Blades
   444 | D:3      | Reached skill level 1 in Long Blades
   444 | D:3      | Reached skill level 1 in Axes
   444 | D:3      | Reached skill level 1 in Maces & Flails
   444 | D:3      | Reached skill level 1 in Polearms
   444 | D:3      | Reached skill level 1 in Staves
   444 | D:3      | Reached skill level 1 in Slings
   444 | D:3      | Reached skill level 1 in Bows
   444 | D:3      | Reached skill level 1 in Crossbows
   444 | D:3      | Reached skill level 1 in Throwing
   444 | D:3      | Reached skill level 1 in Armour
   444 | D:3      | Reached skill level 1 in Shields
   444 | D:3      | Reached skill level 1 in Unarmed Combat
   444 | D:3      | Reached skill level 1 in Evocations
   444 | D:3      | Reached XP level 4. HP: 32/32 MP: 7/11
   468 | D:4      | Noticed Duvessa
   468 | D:4      | Noticed Dowan
   490 | D:4      | Reached skill level 1 in Conjurations
   490 | D:4      | Reached skill level 1 in Hexes
   490 | D:4      | Reached skill level 1 in Charms
   490 | D:4      | Reached skill level 1 in Summonings
   490 | D:4      | Reached skill level 1 in Necromancy
   490 | D:4      | Reached skill level 1 in Translocations
   490 | D:4      | Reached skill level 1 in Fire Magic
   490 | D:4      | Reached skill level 1 in Ice Magic
   490 | D:4      | Reached skill level 1 in Air Magic
   490 | D:4      | Reached skill level 1 in Poison Magic
   490 | D:4      | Reached XP level 5. HP: 36/37 MP: 5/12
   495 | D:4      | Noticed a centaur
   502 | D:4      | Killed a centaur
   506 | D:4      | Reached XP level 6. HP: 12/44 MP: 3/13
   522 | D:3      | Noticed tidbits's ghost (amateur GnEE)
   544 | D:5      | Entered Level 5 of the Dungeon
   548 | D:5      | Reached skill level 2 in Invocations
   551 | D:5      | Reached skill level 5 in Dodging
   561 | D:5      | Found a sparkling altar of Nemelex Xobeh.
   592 | D:5      | Learned a level 4 spell: Petrify
   648 | D:4      | Reached skill level 2 in Fighting
   648 | D:4      | Reached skill level 2 in Short Blades
   648 | D:4      | Reached skill level 2 in Long Blades
   648 | D:4      | Reached skill level 2 in Axes
   648 | D:4      | Reached skill level 2 in Maces & Flails
   648 | D:4      | Reached skill level 2 in Polearms
   648 | D:4      | Reached skill level 2 in Staves
   648 | D:4      | Reached skill level 2 in Slings
   648 | D:4      | Reached skill level 2 in Bows
   648 | D:4      | Reached skill level 2 in Crossbows
   648 | D:4      | Reached skill level 2 in Throwing
   648 | D:4      | Reached skill level 2 in Armour
   648 | D:4      | Reached skill level 2 in Shields
   648 | D:4      | Reached skill level 2 in Unarmed Combat
   648 | D:4      | Reached skill level 2 in Evocations
   659 | D:4      | HP: 3/44 [orc/trident (5)]
   699 | D:4      | Reached XP level 7. HP: 9/50 MP: 5/15
   804 | D:5      | Found a staircase to the Ecumenical Temple.
   808 | Temple   | Entered the Ecumenical Temple
   888 | D:5      | You fall through a shaft!
   928 | D:6      | Reached skill level 2 in Conjurations
   928 | D:6      | Reached skill level 2 in Hexes
   928 | D:6      | Reached skill level 2 in Charms
   928 | D:6      | Reached skill level 2 in Summonings
   928 | D:6      | Reached skill level 2 in Necromancy
   928 | D:6      | Reached skill level 2 in Translocations
   928 | D:6      | Reached skill level 2 in Fire Magic
   928 | D:6      | Reached skill level 2 in Ice Magic
   928 | D:6      | Reached skill level 2 in Air Magic
   928 | D:6      | Reached skill level 2 in Poison Magic
   964 | D:7      | Reached skill level 3 in Transmutations
   983 | D:6      | Reached skill level 5 in Stealth
   986 | D:6      | Reached skill level 3 in Invocations
   986 | D:6      | Reached XP level 8. HP: 48/57 MP: 7/16
  1100 | D:7      | Noticed a hippogriff
  1107 | D:7      | Killed a hippogriff
  1107 | D:7      | Reached skill level 3 in Fighting
  1107 | D:7      | Reached skill level 3 in Short Blades
  1107 | D:7      | Reached skill level 3 in Long Blades
  1107 | D:7      | Reached skill level 3 in Axes
  1107 | D:7      | Reached skill level 3 in Maces & Flails
  1107 | D:7      | Reached skill level 3 in Polearms
  1107 | D:7      | Reached skill level 3 in Staves
  1107 | D:7      | Reached skill level 3 in Slings
  1107 | D:7      | Reached skill level 3 in Bows
  1107 | D:7      | Reached skill level 3 in Crossbows
  1107 | D:7      | Reached skill level 3 in Throwing
  1107 | D:7      | Reached skill level 3 in Armour
  1107 | D:7      | Reached skill level 3 in Shields
  1107 | D:7      | Reached skill level 3 in Unarmed Combat
  1107 | D:7      | Reached skill level 6 in Earth Magic
  1107 | D:7      | Reached skill level 3 in Evocations
  1110 | D:7      | Reached skill level 6 in Spellcasting
  1230 | D:7      | Learned a level 5 spell: Lee's Rapid Deconstruction
  1237 | D:7      | Quit the game

Vault maps used:
D:1:      dpeg_arrival_court
D:2:      first_bread, nicolae_ru_sacrificial_ziggurat
D:3:      yredelemnul_forgotten_temple_becter, minivault_25, uniq_grinder
D:4:      enter_ossuary_5, small_statue_intersection, minivault_27,
          uniq_natasha, uniq_duvessa
D:5:      nicolae_overflow_crystal_walls, temple_hall_moat,
          kennysheep_generic_room_13, uniq_crazy_yiuf_cottage
D:6:      eino_tiny_chamber, uniq_sigmund
D:8:      grunt_temple_overflow_open, basic_altar,
          hangedman_little_slice_of_home
Temple:   kb_corrupted_temple

Skill      XL: |  1  2  3  4  5  6  7  8 |
---------------+-------------------------+-----
Transmutations | 2 3 |  3.5
Spellcasting   | 5 6 |  6.1
Invocations    | 1 2 3 |  3.6
Fighting       | 1 2 3 |  3.3
Short Blades   | 1 2 3 |  3.3
Long Blades    | 1 2 3 |  3.3
Axes           | 1 2 3 |  3.3
Maces & Flails | 1 2 3 |  3.3
Polearms       | 1 2 3 |  3.3
Staves         | 1 2 3 |  3.3
Slings         | 1 2 3 |  3.3
Bows           | 1 2 3 |  3.3
Crossbows      | 1 2 3 |  3.3
Throwing       | 1 2 3 |  3.3
Armour         | 1 2 3 |  3.3
Shields        | 1 2 3 |  3.3
Unarmed Combat | 1 2 3 |  3.3
Evocations     | 1 2 3 |  3.3
Conjurations   | 1 2 |  2.7
Hexes          | 1 2 |  2.7
Charms         | 1 2 |  2.7
Summonings     | 1 2 |  2.7
Necromancy     | 1 2 |  2.7
Translocations | 1 2 |  2.7
Fire Magic     | 1 2 |  2.7
Ice Magic      | 1 2 |  2.7
Air Magic      | 1 2 |  2.7
Poison Magic   | 1 2 |  2.7
Dodging        | 5 |  5.7
Stealth        | 5 |  5.4
Earth Magic    | 6 |  6.1

Action                   |  1- 3 |  4- 6 |  7- 9 || total
-------------------------+-------+-------+-------++-------
Melee: Unarmed           |     6 |       |       ||     6
       Bite              |     2 |       |       ||     2
       Dagger            |     1 |     1 |       ||     2
 Cast: Sandblast         |    39 |    34 |    52 ||   125
       Passwall          |     2 |     1 |       ||     3
       Petrify           |       |       |     2 ||     2
       Lee's Rapid Decon |       |       |     1 ||     1
Evoke: Wand              |       |       |     3 ||     3
  Use: Scroll            |       |     4 |       ||     4
 Stab: Sleeping          |     1 |       |       ||     1
  Eat: Fruit             |       |     2 |       ||     2
Armor: Robe              |     4 |       |     1 ||     5
Dodge: Dodged            |    15 |     8 |    11 ||    34

Table legend:
 A = Spawn XP
 B = Non-spawn XP
 C = Spawn XP percentage of total XP
 D = Spawn monster count
 E = Non-spawn monster count
 F = Spawn count percentage of total count
 G = Total turns spent on level
                    A         B        C        D         E        F      G
               +---------+---------+-------+---------+---------+-------+---------
         Total |       0 |    1864 |   0.0 |       0 |      70 |   0.0 |  1237
               +---------+---------+-------+---------+---------+-------+---------
           D:1 |       0 |      35 |   0.0 |       0 |      15 |   0.0 |   225
           D:2 |       0 |      18 |   0.0 |       0 |       9 |   0.0 |   137
           D:3 |       0 |      51 |   0.0 |       0 |       4 |   0.0 |   108
           D:4 |       0 |     439 |   0.0 |       0 |      18 |   0.0 |   233
           D:5 |       0 |     139 |   0.0 |       0 |       5 |   0.0 |   112
           D:6 |       0 |     522 |   0.0 |       0 |      11 |   0.0 |   165
           D:7 |       0 |     467 |   0.0 |       0 |       6 |   0.0 |   139
           D:8 |       0 |     193 |   0.0 |       0 |       2 |   0.0 |    43
               +---------+---------+-------+---------+---------+-------+---------

Table legend:
 A = Turns spent in this place as a percentage of turns spent in the entire game.
 B = Non-inter-level travel turns spent in this place as a percentage of non-inter-level travel turns spent in the entire game.
 C = Inter-level travel turns spent in this place as a percentage of turns spent in this place.
 D = Turns resting spent in this place as a percentage of non-inter-level travel turns spent in this place.
 E = Turns spent auto-exploring this place as a percentage of non-inter-level travel turns spent in this place.
 F = Non-inter-level travel turns spent in this place divided by the number of levels of this place that you've seen.
                   A       B       C       D       E      F
               +-------+-------+-------+-------+-------+----------------------
         Total | 100.0 | 100.0 |   1.3 |   0.6 |   0.0 | 135.7
       Dungeon |  93.9 |  95.2 |   0.0 |   0.6 |   0.0 | 145.2
        Temple |   6.1 |   4.8 |  21.3 |   0.0 |   0.0 |  59.0
               +-------+-------+-------+-------+-------+----------------------

Table legend:
 A = Kills in this place as a percentage of kills in entire the game.
 B = Kills by you in this place as a percentage of kills by you in the entire game.
 C = Kills by friends in this place as a percentage of kills by friends in the entire game.
 D = Other kills in this place as a percentage of other kills in the entire game.
 E = Experience gained in this place as a percentage of experience gained in the entire game.
 F = Experience gained in this place divided by the number of levels of this place that you have seen.
                   A       B       C       D       E      F
               +-------+-------+-------+-------+-------+----------------------
         Total | 100.0 | 100.0 |   N/A |   N/A | 100.0 | 207.1
       Dungeon | 100.0 | 100.0 |   N/A |   N/A | 100.0 | 233.0
               +-------+-------+-------+-------+-------+----------------------

Vault maps used:
D:1:      dpeg_arrival_court
D:2:      first_bread, nicolae_ru_sacrificial_ziggurat
D:3:      yredelemnul_forgotten_temple_becter, minivault_25, uniq_grinder
D:4:      enter_ossuary_5, small_statue_intersection, minivault_27,
          uniq_natasha, uniq_duvessa
D:5:      nicolae_overflow_crystal_walls, temple_hall_moat,
          kennysheep_generic_room_13, uniq_crazy_yiuf_cottage
D:6:      eino_tiny_chamber, uniq_sigmund
D:8:      grunt_temple_overflow_open, basic_altar,
          hangedman_little_slice_of_home
Temple:   kb_corrupted_temple
